 Dungeon Crawl Stone Soup version 0.31.0-32-g396128a36d (webtiles) character file.

Game seed: 2991189228897480335

48256 Dvallin the Brawler (level 14, -31/119 (125) HPs)
             Began as a Pale Draconian Shapeshifter on Mar 31, 2024.
             Was the Champion of Ru.
             Killed from afar by a fire dragon (46 damage)
             ... with a blast of flame
             ... on level 5 of the Lair of Beasts on Apr 1, 2024.
             The game lasted 00:39:12 (16969 turns).

Dvallin the Brawler (Pale Draconian Shapeshifter)  Turns: 16969, Time: 00:39:13

HP:   -31/119 (125) AC: 10    Str: 19    XL:     14   Next: 11%
MP:   0/14          EV: 21    Int: 12    God:    Ru [******]
Gold: 1116          SH:  0    Dex: 14    Spells: 13/13 levels left

rFire   . .          .
                       - Unarmed
rCold   + + .        (no shield)
rNeg    . . .        (body armour unavailable)
rPois   .            (helmet restricted)
rElec   .            j - +0 cloak
rCorr   .            i - +0 pair of gloves
SInv    .            (no boots)
Will    ++...        A - amulet of guardian spirit
Stlth   +++          C - +5 ring of evasion
HPRegen 0.39/turn    m - ring of Muoff {rC++ Will+ Dex+2}
MPRegen 0.14/turn

%: guardian spirit
@: maw-form, lightly drained
A: devouring maw, breathe steam, AC +8, unfitting armour, cold-blooded,
inability to read after injury 2, inability to use devices, hated by all,
cowardly, no fire magic, no hexes magic, no translocations magic, steam
resistance
a: Breathe Steam, Begin Untransformation, Renounce Religion, Draw Out Power,
Power Leap, Apocalypse


You were on level 5 of the Lair of Beasts.
You worshipped Ru.
Ru was exalted by your worship.
You were a creature with a mouth for a stomach.
You visited 3 branches of the dungeon, and saw 17 of its levels.

You collected 1142 gold pieces.
You spent 26 gold pieces at shops.

Inventory:

Missiles
 J - 2 throwing nets
Armour
 i - a +0 pair of gloves (worn)
 j - a +0 cloak (worn)
Jewellery
 b - a ring of poison resistance
 l - a +6 ring of dexterity
 m - the ring of Muoff (right hand) {rC++ Will+ Dex+2}
   (You found it on level 2 of the Dungeon)

   [ring of willpower]

   Dex+2:     It affects your dexterity (+2).
   rC++:      It greatly protects you from cold.
   Will+:     It increases your willpower.
 y - a ring of protection from cold
 A - an amulet of guardian spirit (around neck)
 C - a +5 ring of evasion (left hand)
Talismans
 v - a maw talisman (active)
Wands
 s - a wand of quicksilver (13)
 x - a wand of paralysis (20)
 B - a wand of roots (6)
 D - a wand of flame (34)
Scrolls
 d - 2 scrolls of identify
 e - 2 scrolls of vulnerability
 g - 3 scrolls of fog
 k - 2 scrolls of amnesia {unknown}
 n - a scroll of butterflies {unknown}
 p - 4 scrolls of enchant armour {unknown}
 r - 2 scrolls of blinking
 t - 7 scrolls of teleportation
 w - 2 scrolls of poison
 z - 2 scrolls of silence {unknown}
 E - a scroll of brand weapon {unknown}
Potions
 a - 3 potions of lignification
 c - 2 potions of attraction {unknown}
 f - 4 potions of curing
 h - 2 potions of haste
 o - 4 potions of might
 q - 3 potions of magic
 F - a potion of enlightenment {unknown}
 G - a potion of mutation {unknown}
 H - a potion of resistance {unknown}
 I - a potion of invisibility {unknown}
 K - a potion of cancellation {unknown}


   Skills:
 + Level 11.7 Fighting
 + Level 10.0 Dodging
 + Level 7.1 Stealth
 * Level 16.0 Unarmed Combat
 - Level 10.0 Shapeshifting


You had 13 spell levels left.
You didn't know any spells.
Your spell library contained the following spells:

 Spells                   Type           Power      Damage    Failure   Level
 Magic Dart               Conj           0%         1d3       32%         1
 Shock                    Conj/Air       0%         1d3       32%         1
 Mercury Vapours          Alch/Air       0%         N/A       45%         2
 Searing Ray              Conj           0%         2d4       45%         2
 Mephitic Cloud           Conj/Alch/Air  0%         N/A       69%         3
 Passwall                 Erth           0%         N/A       69%         3
 Swiftness                Air            0%         N/A       69%         3
 Vampiric Draining        Necr           0%         2d6       69%         3
 Airstrike                Air            0%         2d(0-16)  97%         4
 Fulminant Prism          Conj/Alch      0%         3d5       97%         4
 Freezing Cloud           Conj/Ice/Air   0%         6-21      100%        5
 Lehudib's Crystal Spear  Conj/Erth      0%         10d2      100%        8
 Foxfire                  Conj/Fire      Unusable   2x1d4     N/A         1
 Slow                     Hex            Unusable   N/A       N/A         1
 Summon Small Mammal      Summ           Unusable   N/A       N/A         1
 Blink                    Tloc           Unusable   N/A       N/A         2
 Call Imp                 Summ           Unusable   N/A       N/A         2
 Ensorcelled Hibernation  Hex/Ice        Unusable   N/A       N/A         2
 Call Canine Familiar     Summ           Unusable   N/A       N/A         3
 Confusing Touch          Hex            Unusable   N/A       N/A         3
 Sigil of Binding         Hex            Unusable   N/A       N/A         3
 Passage of Golubria      Tloc           Unusable   N/A       N/A         4
 Summon Blazeheart Golem  Fire/Summ      Unusable   N/A       N/A         4
 Silence                  Hex/Air        Unusable   N/A       N/A         5
 Plasma Beam              Fire/Air       Unusable   2x1d10    N/A         6
 Starburst                Conj/Fire      Unusable   6d3       N/A         6

Dungeon Overview and Level Annotations

Branches:
Dungeon (11/15)            Temple (1/1) D:4            Lair (5/5) D:8
  Swamp (0/4) Lair:2        Snake (0/4) Lair:3        Slime (0/5) Lair:4
    Orc (0/2) D:10

Altars:
Ashenzari
Cheibriados
Dithmenos
Elyvilon
Gozag
Kikubaaqudgha
Makhleb
Nemelex Xobeh
Okawaru
Qazlal
Ru
Sif Muna
Trog
Uskayaw
Vehumet
Wu Jian
Xom
Zin
The Shining One

Shops:
D:5 :(?*   D:7 (   D:9 [

Annotations:
Lair:2 Harold
Lair:4 1 runed translucent door, Kirke


Innate Abilities, Weirdness & Mutations

You are a creature with a mouth for a stomach.
Your midsection houses a second, enormous mouth.
You can breathe blasts of scalding, opaque steam.
Your pale cyan-grey scales are hard. (AC +8)
You cannot fit into any form of body armour.
You are cold-blooded and may be slowed by cold attacks.
You sometimes lose the ability to read scrolls when taking damage.
You cannot study or use magical devices.
You are hated by all.
Your cowardice makes you less effective in combat with threatening foes.
You cannot study or cast Fire magic.
You cannot study or cast Hexes magic.
You cannot study or cast Translocations magic.
You are immune to the effects of steam.


Message History

The fire dragon is moderately wounded.
The fire dragon is no longer blind.
You redirect the fire dragon's attack!
The fire dragon bites you.
* * * LOW HITPOINT WARNING * * *
The fire dragon claws you.
* * * LOW HITPOINT WARNING * * *
The fire dragon tramples you but does no damage.
You barely miss the fire dragon.
You tail-slap the fire dragon, but do no damage.
Your punch misses the fire dragon. You bite the fire dragon.
The fire dragon is moderately wounded.
The fire dragon closely misses you.
The fire dragon claws you but does no damage.
The fire dragon closely misses you.
You punch the fire dragon! You bite the fire dragon!
The fire dragon is moderately wounded.
You closely miss the fire dragon. You tail-slap the fire dragon.
Your bite misses the fire dragon.
The fire dragon is heavily wounded.
The fire dragon closely misses you.
The fire dragon claws you but does no damage.
The fire dragon completely misses you.
You hit the fire dragon.
You tail-slap the fire dragon, but do no damage.
The fire dragon is heavily wounded.
The fire dragon bites you!
* * * LOW HITPOINT WARNING * * *
The fire dragon barely misses you. The fire dragon misses you.
You punch the fire dragon!
You tail-slap the fire dragon, but do no damage.
You bite the fire dragon!
The fire dragon is severely wounded.
You hit the fire dragon but do no damage.
You bite the fire dragon!
The fire dragon is almost dead.
You feel less exhausted. The fire dragon breathes flames at you.
The blast of flame hits you!!!
You die...

####♣♣..♣♣♣P♣≈.~.≈...♣♣
♣.♣†...≈≈.♣♣♣~...♣♣♣
♣♣♣..≈≈~.♣♣ ♣♣~....♣
♣♣.~~≈~P♣♣♣ ♣♣~~..♣♣
♣♣♣.~♣♣~♣♣♣ (.: ♣♣~≈~.♣
♣P~†~♣.♣♣♣♣ $?).♣♣♣≈≈~♣ ##
♣.≈≈♣♣♣♣♣.♣$...$P~♣≈~≈♣ .#
♣~≈≈♣♣♣.~~..~~D.°.~[..♣ ##
♣)~≈..W~≈.~~≈≈~○~°kP.♣♣ ###
♣..~~[D≈≈.≈≈≈≈~k≈.°.♣♣
..#######
♣..[~~≈≈≈≈≈≈~~.....♣♣
.#.##...##♣♣...~≈≈≈≈≈...♣~.♣♣
#......#.# ♣♣♣..~.~~~.♣♣♣..
##...#...# ♣♣♣♣♣♣♣♣♣♣ ♣♣
#####...# ###.# ###


You could see a fire dragon (catching breath).

Vanquished Creatures
  A dire elephant (Lair:3)
  Fannar (Lair:2)
  2 hydras (Lair:4)
  2 catoblepae
  2 two-headed ogres
  Erica (Lair:1)
  2 boulder beetles
  A skyshark (Lair:5)
  3 bog bodies (Lair:2)
  Pikel (D:9)
  A swamp dragon (Lair:5)
  An ugly thing (D:11)
  4 black mambas
  15 elephants (Lair:3)
  10 cane toads
  Maggie (Lair:2)
  An unseen horror (D:10)
  6 rime drakes
  2 kobold demonologists
  13 komodo dragons
  Psyche (D:8)
  6 trolls
  A polar bear (Lair:4)
  Prince Ribbit (D:7)
  A hornet (D:8)
  21 blink frogs
  2 wraiths
  A spriggan (Lair:3)
  A shadow (D:8)
  3 wyverns
  56 yaks
  A vampire (D:10)
  7 basilisks
  5 steam dragons
  4 nagas (Lair:3)
  2 acid dragons (Lair:5)
  10 water moccasins
  7 orc warriors
  2 swamp drakes (Lair:5)
  2 black bears
  An ice beast (D:6)
  8 wolves
  2 phantoms
  3 centaurs
  2 lemures (D:9)
  4 kobold brigands
  9 bullfrogs
  A gnoll sergeant (D:8)
  A scorpion (D:4)
  10 killer bees (D:11)
  5 electric eels
  9 howler monkeys
  A bombardier beetle (D:6)
  7 hounds
  A jelly (D:6)
  5 orc priests
  3 sleepcaps
  6 orc wizards
  10 iguanas
  25 hell rats
  Robin (D:4)
  2 gnolls (D:8)
  9 adders
  2 shadow imps
  A white imp (D:8)
  4 dart slugs
  2 ribbon worms (D:4)
  30 orcs
  8 ball pythons
  3 bats
  9 endoplasms
  6 giant cockroaches
  20 goblins
  9 hobgoblins
  5 jackals
  23 kobolds
  3 quokkas
  12 frilled lizards
  6 rats
472 creatures vanquished.

Vanquished Creatures (others)
  A cane toad (Lair:5)
  A shadow (D:11)
  A gnoll (D:8)
  2 orcs
  A kobold (D:9)
6 creatures vanquished.

Grand Total: 478 creatures vanquished

Notes
Turn   | Place    | Note
-------+----------+-------------------------------------------
     0 | D:1      | Dvallin the Draconian Shapeshifter began the quest for the
                  | Orb.
     0 | D:1      | Reached XP level 1. HP: 16/16 MP: 1/1
   177 | D:1      | Reached XP level 2. HP: 14/23 MP: 2/2
   871 | D:2      | Reached XP level 3. HP: 18/28 MP: 3/3
  1154 | D:2      | Reached XP level 4. HP: 10/35 MP: 4/4
  1231 | D:2      | Identified the ring of Muoff {rC++ Will+ Dex+2}
  1516 | D:3      | Found a white marble altar of Elyvilon.
  1516 | D:3      | Found an ancient bone altar of Kikubaaqudgha.
  1517 | D:3      | Found a hazy altar of Hepliaklqana.
  1677 | D:3      | Reached skill level 5 in Shapeshifting
  1806 | D:3      | Reached XP level 5. HP: 31/40 MP: 5/5
  2429 | D:4      | Noticed Robin
  2430 | D:4      | Found a staircase to the Ecumenical Temple.
  2468 | D:4      | Killed Robin
  2492 | Temple   | Entered the Ecumenical Temple
  2580 | Temple   | Became a worshipper of Ru the Awakened
  2622 | D:4      | Reached XP level 6. HP: 25/47 MP: 6/6
  3422 | D:5      | Entered Level 5 of the Dungeon
  3491 | D:5      | Found Rothrioz's Assorted Antiques.
  3533 | D:5      | Reached skill level 4 in Unarmed Combat
  3539 | D:5      | Your scales start taking on a pale cyan-grey colour.
  3539 | D:5      | Reached XP level 7. HP: 22/52 MP: 7/7
  3539 | D:5      | Gained mutation: You are immune to the effects of steam.
                  | [Pale Draconian growth]
  3783 | D:5      | Gained mutation: You cannot study or cast Fire magic. [Ru
                  | sacrifice]
  3783 | D:5      | Gained mutation: You cannot study or cast Hexes magic. [Ru
                  | sacrifice]
  3783 | D:5      | Gained mutation: You cannot study or cast Translocations
                  | magic. [Ru sacrifice]
  3783 | D:5      | Reached * piety under Ru
  3920 | D:5      | Found Xiygro's Book Boutique.
  4031 | D:5      | Found a glowing silver altar of Zin.
  4065 | D:5      | Found Goloosou's Weapon Boutique.
  4316 | D:5      | Reached skill level 5 in Unarmed Combat
  4338 | D:5      | Found Vumeppix's Magic Scroll Shop.
  4341 | D:5      | Bought a scroll of identify for 26 gold pieces
  4554 | D:6      | Reached skill level 6 in Unarmed Combat
  4733 | D:6      | Reached XP level 8. HP: 57/61 MP: 8/8
  5119 | D:7      | Reached skill level 7 in Unarmed Combat
  5352 | D:7      | Found a burning altar of Makhleb.
  5539 | D:7      | You fall into a shaft and drop 3 floors!
  5539 | D:10     | Entered Level 10 of the Dungeon
  5588 | D:10     | Gained mutation: You cannot study or use magical devices.
                  | [Ru sacrifice]
  5588 | D:10     | Reached ** piety under Ru
  5588 | D:10     | Reached *** piety under Ru
  5637 | D:10     | Noticed a two-headed ogre
  5643 | D:9      | Noticed Pikel
  5643 | D:9      | Noticed a hornet
  5646 | D:9      | Noticed a two-headed ogre
  5749 | D:8      | Reached XP level 9. HP: 71/71 MP: 9/9
  5976 | D:8      | Reached skill level 8 in Unarmed Combat
  6201 | D:7      | Noticed Prince Ribbit
  6210 | D:7      | Killed Prince Ribbit
  6258 | D:7      | Found Xuab's Antique Weapon Shop.
  6479 | D:8      | Noticed a troll
  6479 | D:8      | Noticed Psyche
  6486 | D:8      | Killed Psyche
  6488 | D:8      | Killed a troll
  6500 | D:8      | Reached skill level 5 in Fighting
  6501 | D:8      | Reached skill level 9 in Unarmed Combat
  6632 | D:8      | Found a staircase to the Lair.
  7215 | D:8      | Reached skill level 5 in Dodging
  7215 | D:8      | Reached XP level 10. HP: 78/83 MP: 8/10
  7523 | D:8      | Killed a two-headed ogre
  7524 | D:8      | Reached skill level 10 in Unarmed Combat
  7891 | D:9      | Killed a two-headed ogre
  7910 | D:9      | Killed Pikel
  8210 | D:9      | Noticed a boulder beetle
  8231 | D:9      | Killed a boulder beetle
  8232 | D:9      | Reached skill level 11 in Unarmed Combat
  8242 | D:9      | Found an opulent altar of Gozag.
  8242 | D:9      | Found a blossoming altar of Fedhas.
  8242 | D:9      | Found an iron altar of Okawaru.
  8247 | D:9      | Found a basalt altar of Yredelemnul.
  8248 | D:9      | Found an ornate altar of the Wu Jian Council.
  8249 | D:9      | Found a glowing golden altar of the Shining One.
  8251 | D:9      | Found a sparkling altar of Nemelex Xobeh.
  8254 | D:9      | Found a shadowy altar of Dithmenos.
  8255 | D:9      | Found a shimmering altar of Xom.
  8308 | D:9      | Found Zuveaf's Armour Boutique.
  8471 | D:10     | Reached XP level 11. HP: 85/92 MP: 11/11
  8634 | D:10     | Found a staircase to the Orcish Mines.
  8991 | D:10     | Gained mutation: You are hated by all. [Ru sacrifice]
  8991 | D:10     | Reached **** piety under Ru
  9721 | D:11     | Identified the +9 dire flail "Hirphueb" {venom, rPois MP-9
                  | SInv}
 10092 | D:11     | Reached skill level 12 in Unarmed Combat
 10132 | D:11     | Noticed a red ugly thing
 10140 | D:11     | Killed a red ugly thing
 10265 | D:11     | Noticed a two-headed ogre
 10405 | Lair:1   | Entered Level 1 of the Lair of Beasts
 10501 | D:8      | Reached skill level 10 in Shapeshifting
 11059 | Lair:1   | Reached skill level 1 in Stealth
 11075 | Lair:1   | Noticed Erica
 11115 | Lair:1   | Killed Erica
 11116 | Lair:1   | Reached XP level 12. HP: 40/103 MP: 5/12
 11370 | Lair:1   | Reached skill level 13 in Unarmed Combat
 11492 | Lair:1   | Gained mutation: Your cowardice makes you less effective in
                  | combat with threatening foes. [Ru sacrifice]
 11492 | Lair:1   | Reached ***** piety under Ru
 11882 | Lair:2   | Noticed Fannar
 11903 | Lair:2   | Killed Fannar
 11952 | Lair:2   | Found an ornate altar of the Wu Jian Council.
 12003 | Lair:2   | Noticed Harold
 12241 | Lair:2   | Noticed Maggie
 12252 | Lair:2   | Killed Maggie
 12253 | Lair:2   | Reached skill level 14 in Unarmed Combat
 12333 | Lair:2   | Found a staircase to the Swamp.
 12339 | Lair:2   | Reached skill level 10 in Fighting
 12842 | Lair:3   | Reached XP level 13. HP: 111/113 MP: 10/13
 12963 | Lair:3   | Reached skill level 5 in Stealth
 13408 | Lair:3   | Gained mutation: You occasionally lose the ability to read
                  | scrolls when taking damage. [Ru sacrifice]
 13408 | Lair:3   | Gained mutation: You sometimes lose the ability to read
                  | scrolls when taking damage. [Ru sacrifice]
 13408 | Lair:3   | Reached ****** piety under Ru
 13449 | Lair:3   | Reached skill level 15 in Unarmed Combat
 13457 | Lair:3   | Noticed a dire elephant
 13474 | Lair:3   | Killed a dire elephant
 13621 | Lair:3   | Found a staircase to the Snake Pit.
 14995 | Lair:4   | Found a staircase to the Slime Pits.
 15243 | Lair:4   | Found a runed translucent door.
 15470 | Lair:4   | Noticed Kirke
 15518 | Lair:5   | Entered Level 5 of the Lair of Beasts
 15730 | Lair:5   | Identified the +6 rapier "Pocaovah" {spect, *Corrode rF-
                  | Int+9 Dex+6}
 16077 | Lair:5   | Reached XP level 14. HP: 124/124 MP: 14/14
 16941 | Lair:5   | Reached skill level 10 in Dodging
 16946 | Lair:5   | Reached skill level 16 in Unarmed Combat
 16949 | Lair:5   | HP: 1/125 [fire dragon/blast of flame (35)]
 16969 | Lair:5   | Killed from afar by a fire dragon

Illustrated notes

Levels and vault maps discovered:
D:1:      dpeg_arrival_court, layout_basic, serial_bayou_pond_a
D:2:      cheibrodos_pilgrimage, layout_basic
D:3:      minmay_inner_zag, layout_basic, gammafunk_temple_overflow_claw
D:4:      layout_basic, minmay_temple_entry_glass, minivault_25, st_stairs_14,
          hangedman_abyss_or_decor_stagger, grunt_ministairs_3,
          kennysheep_generic_room_3, uniq_robin
D:5:      layout_loops_corners, serial_shops, nicolae_shop_behind_doors,
          nicolae_square_shop, shop, nicolae_shop_rolled_up, kennysheep_diamond
D:6:      layout_cave_pools
D:7:      layout_layer_cave, makhleb_heckhound_becter, serial_shops,
          nicolae_shop_tiny_statue_garden, serial_bayou_pond_d,
          small_statue_intersection, uniq_prince_ribbit1
D:8:      layout_loops_corners, erik_lair_island, uniq_psyche
D:9:      layout_rooms, nicolae_overflow_hallway_of_the_gods, serial_shops,
          nicolae_shop_window_shopping, minmay_misc_feat_pillars, uniq_pikel
D:10:     layout_stronghold, minmay_orc_entry_temple_small, enter_bailey_4
D:11:     lemuel_reptile_caves, layout_small_grid, enter_trove_2
Temple:   nicolae_temple_figure_zero
Lair:1:   layout_hall_layers, lemuel_fruit_tree, uniq_erica
Lair:2:   layout_chaotic_city, nicolae_swamp_entry_splash_gauntlet, basic_altar,
          uniq_harold, uniq_maggie, uniq_fannar
Lair:3:   mu_elephants_graveyard, layout_layer_cave,
          minmay_snake_entry_guardpost_small, patterned_corridor,
          serial_bayou_shore_a, infiniplex_staircase_pool
Lair:4:   gammafunk_indiana_jones, layout_loops_ring, slime_entry_1, uniq_kirke
Lair:5:   guppyfry_lair_end_dragon, layout_layer_cave, wormcave,
          lemuel_fruit_fields, serial_bayou_shore_b, grunt_megastairs_3

Skill      XL: |  1  2  3  4  5  6  7  8  9 10 11 12 13 14 |
---------------+-------------------------------------------+-----
Shapeshifting  | 4 5 6 7 8 9 10 | 10.0
Unarmed Combat | 4 6 7 9 11 12 14 15 16 | 16.0
Dodging        | 2 3 5 6 7 8 9 10 | 10.0
Fighting       | 2 3 5 7 8 10 11 | 11.7
Stealth        | 1 4 6 7 |  7.1

Action                     |  1- 3 |  4- 6 |  7- 9 | 10-12 | 13-15 || total
---------------------------+-------+-------+-------+-------+-------++-------
  Melee: Unarmed           |   116 |   267 |   185 |   632 |   507 ||  1707
         Tailslap          |    10 |    46 |    30 |    98 |   110 ||   294
         Maw               |       |       |       |   185 |   224 ||   409
         Punch             |       |       |       |    36 |    53 ||    89
 Invoke: Sacrifice Arcana  |       |       |     1 |       |       ||     1
         Sacrifice Artific |       |       |     1 |       |       ||     1
         Draw Out Power    |       |       |       |     1 |     1 ||     2
         Sacrifice Love    |       |       |       |     1 |       ||     1
         Sacrifice Courage |       |       |       |     1 |       ||     1
         Sacrifice Words   |       |       |       |       |     1 ||     1
Ability: Breathe Steam     |       |       |    27 |    20 |     7 ||    54
    Use: Scroll            |       |       |     9 |     8 |       ||    17
         Potion            |       |       |       |     2 |     3 ||     5
   Stab: Invisible         |       |       |       |    12 |     2 ||    14
         Sleeping          |       |       |       |     1 |     4 ||     5
         Petrified         |       |       |       |       |    12 ||    12
         Distracted        |       |       |       |       |     6 ||     6
         Paralysed         |       |       |       |       |     4 ||     4
 Armour: Skin              |    44 |   100 |    90 |   362 |   223 ||   819
  Dodge: Dodged            |    82 |   216 |   134 |   569 |   441 ||  1442
   Form: Flux              |     1 |       |       |       |       ||     1
         Maw               |       |       |       |     1 |       ||     1
